 Dungeon Crawl Stone Soup version 0.27-a0-1202-ge72e49191c (webtiles) character file.

Game seed: 18354035909626918354

103 Ancestrald the Caller (level 5, -34/28 HPs)
             Began as a Kobold Summoner on June 3, 2021.
             Killed by an exploding Purgy (37 damage)
             ... ignited by their inner flame
             ... in a sewer.
             The game lasted 00:20:53 (3066 turns).

Ancestrald the Caller (Kobold Summoner)             Turns: 3066, Time: 00:20:54

Health: -34/28     AC:  2    Str:  5    XL:     5   Next: 6%
Magic:  7/10       EV: 15    Int: 17    God:
Gold:   76         SH:  0    Dex: 16    Spells: 5/11 levels left

rFire    . . .     SeeInvis .   d - +0 dagger
rCold    + . .     Faith    .   (shield restricted)
rNeg     . . .     Spirit   .   a - +0 robe
rPois    .         Reflect  .   (no helmet)
rElec    .         Harm     .   (no cloak)
rCorr    .         Rampage  .   (no gloves)
Will     .....                  (no boots)
Stlth    +++.......             (no amulet)
HPRegen  0.09/turn              b - ring of protection from cold
MPRegen  0.12/turn              (no ring)

@: no status effects
A: small, no large weapons, nightstalker 3
a: no special abilities


You were in a sewer.
You visited 1 branch of the dungeon, and saw 3 of its levels.
You also visited: Sewer.

You collected 76 gold pieces.

Inventory:

Hand Weapons
 d - a +0 dagger (weapon)
 i - a +0 short sword
 s - a +0 giant spiked club
Missiles
 j - 17 stones
 n - 42 sling bullets
Armour
 a - a +0 robe (worn)
 k - a +0 leather armour
 r - a +0 leather armour
Jewellery
 b - a ring of protection from cold (left hand)
Scrolls
 g - a scroll of enchant armour {unknown}
 l - 2 scrolls of identify {unknown}
 m - a scroll of acquirement {unknown}
 o - a scroll of summoning {unknown}
 p - a scroll of fog {unknown}
Potions
 e - a potion of resistance {unknown}
 h - 4 potions of heal wounds {unknown}
 q - a potion of attraction {unknown}


   Skills:
 + Level 2.7 Dodging
 * Level 3.4 Stealth
 * Level 3.5 Spellcasting
 * Level 4.9 Summonings


You had 5 spell levels left.
You knew the following spells:

 Your Spells              Type           Power      Damage    Failure   Level
a - Summon Small Mammal   Summ           76%        N/A       2%          1
b - Call Imp              Summ           19%        N/A       3%          2
c - Call Canine Familiar  Summ           19%        N/A       7%          3

Your spell library contained the following spells:

 Spells                   Type           Power      Damage    Failure   Level
 Beastly Appendage        Tmut           6%         N/A       17%         1
 Summon Guardian Golem    Hex/Summ       11%        N/A       19%         3
 Wereblood                Tmut           3%         N/A       26%         2
 Spider Form              Tmut/Pois      1%         N/A       45%         3
 Summon Ice Beast         Ice/Summ       11%        N/A       52%         4
 Summon Lightning Spire   Summ/Air       11%        N/A       52%         4
 Ice Form                 Ice/Tmut       3%         N/A       86%         4
 Hydra Form               Tmut           1%         N/A       99%         5


Dungeon Overview and Level Annotations

Branches:
Dungeon (3/15)              Sewer (1/1)

Altars:

Shops:
D:3 (


Innate Abilities, Weirdness & Mutations

You are small and have problems with some larger weapons.
You are completely attuned to the shadows.


Message History

Your hound splashes around in the water.
Your crimson imp blinks!
Purgy bites you.
* * * LOW HITPOINT WARNING * * *
Purgy closely misses you. Purgy barely misses you.
Your hound bites Purgy.
You feel better.
Your hound barely misses Purgy.
Purgy looks around nervously.
Purgy bites you. Purgy claws you. Purgy claws you but does no damage.
Casting: Call Canine Familiar (quite dangerous; 7% risk of failure)
Confirm with . or Enter, or press ? or * to list all spells.
A shadowy apparition takes form in the air.
Your hound splashes around in the water.
Your crimson imp blinks!
Purgy snarls, "Go!
Away!"
Purgy barely misses you. Purgy misses you. Purgy barely misses you.
Your hound splashes around in the water.
Unknown command.
Unknown command.
Your hound splashes around in the water.
Purgy bites you!
* * * LOW HITPOINT WARNING * * *
Purgy closely misses you. Purgy claws you.
* * * LOW HITPOINT WARNING * * *
Your shadow imp hits Purgy.
As you read the scroll of immolation, it crumbles to dust.
The creatures around you are filled with an inner flame!
Your hound splashes around in the water.
Purgy bites your shadow imp. Flame seeps out of your shadow imp.
Purgy claws your shadow imp. Flame seeps out of your shadow imp.
Purgy claws your shadow imp. Flame seeps out of your shadow imp.
Your hound bites Purgy.
Flame seeps out of Purgy.
Your shadow imp is engulfed in blazing flames.
Your shadow imp explodes!
The fiery explosion engulfs your hound!!!
Your hound's corpse disappears in a puff of smoke!
The fiery explosion engulfs Purgy!!
Purgy explodes!
The fiery explosion engulfs you!!!
Ouch! That really hurt!
You die...

#.≈≈≈≈≈≈ ..≈≈≈≈≈
#.≈≈≈≈≈ #.≈≈≈≈≈
#†≈≈≈≈ ##@≈≈≈≈
##○.≈≈≈≈ #○§§≈≈≈≈
###.§≈≈≈≈≈ ###
#.§5≈≈≈≈≈≈ ###.##
##≈≈≈≈≈≈≈≈ #.∩†.#
###.≈≈≈≈≈≈
#†≈≈≈####.≈≈≈≈≈≈≈≈
≈≈≈≈≈≈≈≈≈##≈≈≈≈≈≈≈


You could see a friendly crimson imp (summoned).

Vanquished Creatures
  Purgy (Sewer)
  A ball python (D:1)
  2 giant cockroaches
  A frilled lizard (Sewer)
  A rat (D:3)
6 creatures vanquished.

Vanquished Creatures (collateral kills)
  An ogre (D:2)
  5 adders
  2 worms
  2 dart slugs
  3 ball pythons
  A bat (D:2)
  2 endoplasms (D:2)
  4 giant cockroaches
  6 goblins
  4 hobgoblins
  7 kobolds
  2 quokkas (D:3)
  4 frilled lizards
43 creatures vanquished.

Vanquished Creatures (others)
  9 plants (D:1)
9 creatures vanquished.

Grand Total: 58 creatures vanquished

Notes
Turn   | Place    | Note
-------+----------+-------------------------------------------
     0 | D:1      | Ancestrald the Kobold Summoner began the quest for the Orb.
     0 | D:1      | Reached XP level 1. HP: 10/10 MP: 3/3
    64 | D:1      | Found a faded altar of an unknown god.
   492 | D:1      | Reached XP level 2. HP: 15/15 MP: 3/5
   813 | D:2      | Learned a level 2 spell: Call Imp
  1035 | D:2      | Reached XP level 3. HP: 16/19 MP: 2/6
  1501 | D:2      | Learned a level 3 spell: Call Canine Familiar
  2224 | D:2      | Noticed an ogre
  2242 | D:2      | Killed an ogre
  2243 | D:2      | Reached XP level 4. HP: 24/24 MP: 1/8
  2656 | D:3      | Found Qoamih's Antique Weapon Shop.
  2788 | D:3      | Found a glowing drain.
  2793 | Sewer    | Entered a sewer
  2818 | Sewer    | Reached XP level 5. HP: 10/28 MP: 7/10
  3030 | Sewer    | Noticed Purgy
  3066 | Sewer    | Killed Purgy
  3066 | Sewer    | Killed by an exploding Purgy... ignited by their inner
                  | flame

Illustrated notes

Levels and vault maps discovered:
D:1:      dpeg_arrival_ternary, layout_rooms, hellmonk_ecumenical_altar_blasted,
          serial_bayou_lagoon_a, minmay_misc_feat_iff
D:2:      layout_basic, dk_noncrumbling_3, minivault_5
D:3:      layout_basic, gup_sewer_entry_bowl, serial_shops,
          nicolae_shop_overgrown_old_shop, serial_bayou_ford_a
Sewer:    sewer_co_purgy_island

Skill      XL: |  1  2  3 |
---------------+----------+-----
Stealth        | 3 |  3.4
Spellcasting   | 3 |  3.5
Dodging        | |  2.7
Summonings     | |  4.9

Action                   |  1- 3 |  4- 6 || total
-------------------------+-------+-------++-------
Melee: Dagger            |    36 |    24 ||    60
 Cast: Summon Small Mamm |    18 |       ||    18
       Call Imp          |    20 |     6 ||    26
       Call Canine Famil |     2 |     4 ||     6
  Use: Potion            |       |     2 ||     2
       Scroll            |       |     1 ||     1
Armor: Robe              |    10 |     5 ||    15
Dodge: Dodged            |    50 |    28 ||    78

Table legend: (Time is in decaauts)
 A = Elapsed time spent in this place.
 B = Non-inter-level travel time spent in this place.
 C = Inter-level travel time spent in this place.
 D = Time resting spent in this place.
 E = Time spent auto-exploring this place.
 F = Levels seen in this place.
 G = Mean time per level.
                   A        B        C        D        E       F      G
               +--------+--------+--------+--------+--------+-----+--------+
         Total |   3087 |   3047 |     40 |    245 |   1633 |   4 |  771.8 |
       Dungeon |   2806 |   2766 |     40 |     54 |   1633 |   3 |  935.3 |
         Sewer |    280 |    280 |      0 |    191 |      0 |   1 |  280.0 |
               +--------+--------+--------+--------+--------+-----+--------+

Top non-repeatable levels by time:
     D:2: 1607 daAuts
     D:1: 746 daAuts
     D:3: 452 daAuts
   Sewer: 280 daAuts
